 Dungeon Crawl Stone Soup version 0.20.1-1-g8b1a95d (console) character file.

45 hilaritas the Chiller (level 3, -4/19 HPs)
             Began as a Deep Elf Ice Elementalist on Nov 11, 2017.
             Slain by Feta's ghost (10 damage)
             ... on level 3 of the Dungeon.
             The game lasted 00:03:05 (1765 turns).

hilaritas the Chiller (Deep Elf Ice Elementalist)   Turns: 1765, Time: 00:03:06

Health: -4/19      AC:  6    Str:  6    XL:     3   Next: 42%
Magic:  0/9        EV: 13    Int: 19    God:
Gold:   141        SH:  0    Dex: 15    Spells: 2/8 levels left

rFire    . . .     SeeInvis .   l - +0 short sword
rCold    . . .     Gourm    .   (no shield)
rNeg     . . .     Faith    .   a - +0 robe
rPois    .         Spirit   .   (no helmet)
rElec    .         Reflect  .   g - +2 cloak
rCorr    .         Harm     .   o - +0 pair of gloves
MR       .....                  (no boots)
Stlth    ++........             (no amulet)
Regen    0.1/turn               (no ring)
MPRegen  0.2/turn               (no ring)

@: very slightly contaminated
A: no striking features
a: no special abilities


You were on level 3 of the Dungeon.
You were hungry.

You visited 1 branch of the dungeon, and saw 3 of its levels.

You collected 141 gold pieces.

Inventory:

Hand Weapons
 k - a +4 short sword
 l - a +0 short sword (weapon)
Armour
 a - a +0 robe (worn)
 g - a +2 cloak (worn)
 o - a +0 pair of gloves (worn)
Jewellery
 n - an uncursed amulet of rage {unknown}
Scrolls
 d - a scroll of noise {unknown}
 f - 4 scrolls of identify {unknown}
 i - 3 scrolls of amnesia {unknown}
 r - a scroll of blinking {unknown}
 u - 2 scrolls of remove curse {unknown}
Potions
 e - a potion of curing {unknown}
 h - a potion of brilliance {unknown}
 j - a potion of invisibility {unknown}
 m - 2 potions of magic {unknown}
 p - a potion of might {unknown}
 t - a potion of lignification {unknown}
 v - a potion of degeneration {unknown}
Books
 b - a book of Frost

   Spells                             Type                      Level
   a - Freeze                         Ice                          1
   b - Throw Frost                    Conjuration/Ice              2
   c - Ozocubu's Armour               Charms/Ice                   3
   d - Throw Icicle                   Conjuration/Ice              4
   e - Summon Ice Beast               Ice/Summoning                4
Comestibles
 c - 2 bread rations
 q - 4 fruits
 s - 2 royal jellies


   Skills:
 - Level 2.4 Dodging
 - Level 2.4 Stealth
 - Level 3.0 Spellcasting
 * Level 1.5 Conjurations
 + Level 4.8 Ice Magic


You had 2 spell levels left.
You knew the following spells:

 Your Spells              Type           Power        Failure   Level  Hunger
a - Freeze                Ice            ###.         2%          1    None
b - Throw Frost           Conj/Ice       ##....       6%          2    ##.....
c - Ozocubu's Armour      Chrm/Ice       ##......     17%         3    ###....


Dungeon Overview and Level Annotations

Branches:
Dungeon (3/15)

Altars:

Annotations:
D:3 Feta's ghost, amateur OgHu


Message History

Feta's ghost hits you.
You barely miss Feta's ghost.
Feta's ghost is heavily damaged.
Feta's ghost hits you.
Casting: Freeze
Confirm with . or Enter, or press ? or * to list all spells.
Aiming: Freeze
Press: ? - help, Shift-Dir - straight line, f/p - Feta's ghost
Aim: Feta's ghost (heavily damaged)
You freeze Feta's ghost.
Feta's ghost is severely damaged.
Feta's ghost barely misses you.
You hit Feta's ghost but do no damage.
Feta's ghost is severely damaged.
Feta's ghost hits you.
You hit Feta's ghost but do no damage.
Feta's ghost is severely damaged.
Feta's ghost hits you!
Ouch! That really hurt!
You die...

####### #.....#
#.###.######
#.#........#
#.#.#.####.######.
#@#.#.#<..........
#W#.#.#####.#####.
#.#.#..)....#
#.#.######### #'#.
.... .>. ...


You could see Feta's ghost.

Vanquished Creatures
  An ooze (D:1)
  A worm (D:2)
  2 dart slugs
  A leopard gecko (D:1)
  4 bats (D:2)
  2 goblins
  6 hobgoblins
  7 kobolds
  4 frilled lizards
  4 rats (D:1)
32 creatures vanquished.

Notes
Turn   | Place    | Note
-------+----------+-------------------------------------------
     0 | D:1      | hilaritas the Deep Elf Ice Elementalist began the quest for the Orb.
     0 | D:1      | Reached XP level 1. HP: 10/10 MP: 6/6
   152 | D:1      | Reached XP level 2. HP: 9/15 MP: 0/8
   156 | D:1      | Learned a level 2 spell: Throw Frost
   295 | D:1      | Reached skill level 4 in Ice Magic
  1079 | D:2      | Reached XP level 3. HP: 19/19 MP: 6/9
  1087 | D:2      | Learned a level 3 spell: Ozocubu's Armour
  1743 | D:3      | Noticed Feta's ghost (amateur OgHu)
  1765 | D:3      | Slain by Feta's ghost

Skill      XL: |  1  2 |
---------------+-------+-----
Ice Magic      | 4 |  4.8
Dodging        | |  2.4
Stealth        | |  2.4
Spellcasting   | |  3.0
Conjurations   | |  1.5

Action                   || total
-------------------------++-------
Melee: Short sword       ||    12
 Cast: Freeze            ||    60
       Throw Frost       ||     1
  Eat: Chunk             ||     2
Armor: Robe              ||    13
Dodge: Dodged            ||    35
